 Dungeon Crawl Stone Soup version 0.26-a0-519-gb2f46ef (webtiles) character file.

Game seed: 10083919959162182241

13551 comp86 the Severer (level 12, -2/108 HPs)
             Began as a Hill Orc Fighter on Aug 6, 2020.
             Was a High Priest of the Shining One.
             Slain by a 15-headed hydra (4 damage)
             ... on level 2 of the Lair of Beasts on Aug 11, 2020.
             The game lasted 01:17:15 (12010 turns).

comp86 the Severer (Hill Orc Fighter)              Turns: 12010, Time: 01:17:15

Health: -2/108     AC: 19    Str: 24    XL:     12   Next: 7%
Magic:  12/12      EV:  8    Int:  8    God:    the Shining One [*****.]
Gold:   675        SH: 12    Dex: 16    Spells: 11/11 levels left

rFire    . . .     SeeInvis .   v - +3 war axe
rCold    . . .     Faith    .   c - +0 kite shield
rNeg     + + .     Spirit   .   g - +1 plate armour
rPois    .         Reflect  .   (no helmet)
rElec    .         Harm     .   J - +0 cloak {rCorr}
rCorr    +                      d - +1 pair of gloves
MR       .....                  (no boots)
Stlth    ..........             (no amulet)
HPRegen  0.28/turn              f - ring of flight
MPRegen  0.13/turn              r - +6 ring of dexterity

@: hasted, glowing, very quick
A: no striking features
a: Divine Shield, Cleansing Flame, Summon Divine Warrior, Renounce Religion,
Evoke Flight


You were on level 2 of the Lair of Beasts.
You worshipped the Shining One.
The Shining One was extremely pleased with you.
You visited 2 branches of the dungeon, and saw 12 of its levels.

You collected 801 gold pieces.
You spent 126 gold pieces at shops.

Inventory:

Hand Weapons
 a - a +2 war axe
 o - a +1 war axe of flaming
 v - a +3 war axe (weapon)
Armour
 c - a +0 kite shield (worn)
 d - a +1 pair of gloves (worn)
 g - a +1 plate armour (worn)
 G - a +0 tower shield
 J - a +0 cloak of preservation (worn)
 L - a +2 scale mail of fire resistance
 M - a +1 pair of boots
 O - a cursed +0 scale mail
 Q - a cursed +0 ring mail
Jewellery
 f - a ring of flight (left hand)
 l - a +6 ring of intelligence
 q - an uncursed amulet of faith {unknown}
 r - a +6 ring of dexterity (right hand)
 K - a +6 ring of intelligence
Wands
 b - a wand of random effects (6)
 i - a wand of acid (4)
 n - a wand of digging (4)
 A - a wand of polymorph (11)
 B - a wand of disintegration (7)
 H - a wand of paralysis (7)
 N - a wand of iceblast (6)
Scrolls
 h - 4 scrolls of fear
 j - 3 scrolls of fog
 m - 3 scrolls of immolation
 w - 3 scrolls of noise
 y - a scroll of amnesia {unknown}
 D - 7 scrolls of remove curse
 F - a scroll of random uselessness {unknown}
 P - a scroll of summoning {unknown}
Potions
 e - 2 potions of lignification
 k - 3 potions of stabbing
 p - 2 potions of berserk rage
 s - 2 potions of mutation
 t - 5 potions of brilliance
 u - 5 potions of haste
 x - a potion of curing
 E - a potion of might
 I - 2 potions of flight {unknown}
 R - a potion of resistance {unknown}


   Skills:
 + Level 10.6 Fighting
 + Level 15.4 Axes
 + Level 9.3 Armour
 + Level 3.0 Dodging
 + Level 0.8 Stealth
 + Level 9.2 Shields
 - Level 1.0 Evocations


You had 11 spell levels left.
You didn't know any spells.
Your spell library contained the following spells:

 Spells                   Type           Power        Failure   Level
 Animate Skeleton         Necr           #.....       100%        1
 Apportation              Tloc           #.....       100%        1
 Corona                   Hex            #......      100%        1
 Summon Small Mammal      Summ           #...         100%        1
 Call Imp                 Summ           #.......     100%        2
 Call Canine Familiar     Summ           #.......     100%        3
 Summon Guardian Golem    Hex/Summ       #.......     100%        3
 Summon Ice Beast         Ice/Summ       #.......     100%        4
 Summon Lightning Spire   Summ/Air       #.......     100%        4


Dungeon Overview and Level Annotations

Branches:
Dungeon (10/15)            Temple (0/1) D:6            Lair (2/6) D:10
  Swamp: Lair:2-4    Shoals: Lair:2-4     Snake: Lair:2-4    Spider: Lair:2-4
    Orc: D:9-12

Altars:
Ashenzari
Trog
The Shining One

Shops:
D:4 [   D:6 :


Message History

The 13-headed hydra bites you.
* * * LOW HITPOINT WARNING * * *
The 13-headed hydra misses you.
The 13-headed hydra bites you but does no damage. x3
You block the 13-headed hydra's attack.
The 13-headed hydra bites you but does no damage.
The 13-headed hydra barely misses you.
You slice one of the 13-headed hydra's heads off!
The 12-headed hydra grows two more!
You slash the 14-headed hydra!
The 14-headed hydra is severely wounded.
You hit the crocodile but do no damage. You block the crocodile's attack.
You lop one of the 14-headed hydra's heads off!
The 13-headed hydra grows two more!
You slash the 15-headed hydra!
The 15-headed hydra is severely wounded.
You slash the crocodile! The 15-headed hydra bites you.
* * * LOW HITPOINT WARNING * * *
You block the 15-headed hydra's attack.
The 15-headed hydra bites you but does no damage. x3
The 15-headed hydra bites you.
You die...

.≈≈.. ..#####
.≈≈.. ##......#
.≈≈≈.##.$#P..+##
≈≈≈...#.........
.≈≈..≈#.........
≈............?..
≈≈≈.≈≈..t.......
.≈≈....@D.......
≈≈.≈.!#.........
..≈..≈..........
.≈≈.≈≈P#####...+
..≈..≈# ...
.≈≈.≈. #. ≈≈≈...
≈≈.. ≈≈#


You could see a 15-headed hydra and a crocodile.

Vanquished Creatures
  An unseen horror (D:10)
  Pikel (D:5)
  Maurice (D:8)
  Joseph (D:8)
  Maggie (D:7)
  3 cane toads (Lair:1)
  A rime drake (Lair:2)
  A troll (D:9)
  6 blink frogs
  2 hippogriffs
  6 yaks (Lair:2)
  Grum (Lair:1)
  Eustachio (D:6)
  3 basilisks
  A steam dragon (D:8)
  2 insubstantial wisps (D:8)
  Menkaure (D:5)
  Duvessa (D:4)
  3 water moccasins (Lair:1)
  4 porcupines
  3 black bears
  6 sky beasts
  An orc warrior (D:5)
  A hornet zombie (D:9)
  2 ice beasts
  A phantom (D:8)
  9 wolves
  9 ogres
  7 centaurs
  4 lemures (D:5)
  4 crocodiles
  A big kobold (D:10)
  9 bullfrogs
  Dowan (D:4)
  4 scorpions
  7 killer bees (D:9)
  A centaur zombie (D:7)
  5 hounds
  A quasit (D:5)
  A centaur skeleton (D:8)
  4 orc priests
  A jelly (D:8)
  2 bullfrog skeletons
  8 orc wizards
  4 iguanas
  7 worker ants
  3 gnolls (D:6)
  9 adders
  A shadow imp (D:7)
  A white imp (D:9)
  2 oozes
  5 ufetubi
  An adder zombie (D:8)
  2 adder skeletons
  A worm (D:3)
  A dart slug (D:1)
  9 leopard geckos
  34 orcs
  A ball python (D:7)
  14 bats
  8 giant cockroaches
  6 goblins
  8 hobgoblins
  21 jackals
  5 quokkas
  10 frilled lizards
  A goblin skeleton (D:5)
  A goblin zombie (D:5)
  4 hobgoblin zombies (D:5)
  14 kobolds
  A kobold skeleton (D:5)
  2 kobold zombies (D:5)
  2 leopard gecko skeletons (D:5)
  An orc skeleton (D:5)
  An orc zombie (D:5)
  9 rats
  2 fungi
324 creatures vanquished.

Vanquished Creatures (others)
  A bush (D:10)
  5 fungi
6 creatures vanquished.

Grand Total: 330 creatures vanquished

Notes
Turn   | Place    | Note
-------+----------+-------------------------------------------
     0 | D:1      | comp86 the Hill Orc Fighter began the quest for the Orb.
     0 | D:1      | Reached XP level 1. HP: 19/19 MP: 1/1
   130 | D:1      | Reached XP level 2. HP: 27/27 MP: 2/2
   176 | D:1      | Reached skill level 3 in Axes
   457 | D:1      | Reached XP level 3. HP: 33/33 MP: 3/3
   979 | D:2      | Reached skill level 4 in Axes
  1156 | D:2      | Reached XP level 4. HP: 40/40 MP: 4/4
  1746 | D:3      | Found a faded altar of an unknown god.
  1761 | D:3      | Became a worshipper of the Shining One
  1761 | D:3      | Reached * piety under the Shining One
  2257 | D:3      | Reached XP level 5. HP: 47/47 MP: 5/5
  2326 | D:3      | Found a bloodstained altar of Trog.
  2336 | D:3      | Reached skill level 5 in Axes
  2454 | D:4      | Noticed an ogre
  2458 | D:4      | Killed an ogre
  2720 | D:4      | Noticed an ogre
  2729 | D:4      | Killed an ogre
  2729 | D:4      | Reached skill level 6 in Axes
  2729 | D:4      | Reached XP level 6. HP: 53/53 MP: 6/6
  2746 | D:4      | Noticed Duvessa
  2754 | D:4      | Noticed Dowan
  2776 | D:4      | Killed Duvessa
  2780 | D:4      | Killed Dowan
  2780 | D:4      | Reached skill level 7 in Axes
  2780 | D:4      | Reached XP level 7. HP: 35/60 MP: 7/7
  2909 | D:4      | Found Geyxt's Armour Emporium.
  2912 | D:4      | Bought a +1 pair of gloves for 126 gold pieces
  3024 | D:4      | Reached skill level 1 in Dodging
  3576 | D:5      | Entered Level 5 of the Dungeon
  3746 | D:5      | Noticed Menkaure
  3763 | D:5      | Killed Menkaure
  3763 | D:5      | Reached skill level 5 in Fighting
  3780 | D:5      | Reached skill level 8 in Axes
  3801 | D:5      | Reached skill level 5 in Armour
  3814 | D:5      | Reached ** piety under the Shining One
  3837 | D:5      | Found a glowing golden altar of the Shining One.
  3944 | D:5      | Noticed Pikel
  4274 | D:5      | Killed Pikel
  4274 | D:5      | Reached skill level 9 in Axes
  4274 | D:5      | Reached XP level 8. HP: 50/70 MP: 8/8
  4587 | D:5      | Found a glowing golden altar of the Shining One.
  4591 | D:5      | Reached *** piety under the Shining One
  4655 | D:5      | Reached skill level 5 in Shields
  4700 | D:5      | HP: 3/70 [orc priest/divine providence (16)]
  5038 | D:5      | Reached skill level 10 in Axes
  5665 | D:6      | Reached XP level 9. HP: 72/75 MP: 9/9
  5711 | D:6      | Upgraded the game from 0.26-a0-498-g0fdccc9 to
                  | 0.26-a0-501-g5717042
  5780 | D:6      | Found Lileguco's Book Shoppe.
  5941 | D:6      | Noticed Eustachio
  5952 | D:6      | Killed Eustachio
  6232 | D:6      | Found a staircase to the Ecumenical Temple.
  6299 | D:6      | Upgraded the game from 0.26-a0-501-g5717042 to
                  | 0.26-a0-504-g0cf6470
  6560 | D:7      | Reached skill level 11 in Axes
  7313 | D:7      | Noticed Maggie
  7449 | D:7      | Killed Maggie
  7449 | D:7      | Reached skill level 12 in Axes
  7687 | D:7      | Reached XP level 10. HP: 82/86 MP: 10/10
  8396 | D:8      | Reached **** piety under the Shining One
  8453 | D:8      | Noticed Joseph
  8471 | D:8      | Killed Joseph
  8504 | D:8      | Noticed Maurice
  8521 | D:8      | Killed Maurice
  8521 | D:8      | Reached skill level 13 in Axes
  9265 | D:9      | Found a shattered altar of Ashenzari.
  9892 | D:10     | Entered Level 10 of the Dungeon
  9906 | D:10     | Reached XP level 11. HP: 97/97 MP: 11/11
  9967 | D:10     | Found a staircase to the Lair.
  9985 | D:10     | Reached skill level 14 in Axes
 10045 | D:10     | Noticed Sonja
 10050 | D:10     | Noticed Sonja
 10050 | D:10     | Sonja changed into Sonja the unseen horror
 10079 | D:10     | Killed Sonja the unseen horror
 10091 | D:10     | Upgraded the game from 0.26-a0-504-g0cf6470 to
                  | 0.26-a0-519-gb2f46ef
 10322 | Lair:1   | Entered Level 1 of the Lair of Beasts
 10948 | Lair:1   | Noticed a six-headed hydra
 11052 | Lair:1   | Reached skill level 10 in Fighting
 11052 | Lair:1   | Reached skill level 1 in Evocations
 11121 | Lair:1   | Noticed Grum
 11135 | Lair:1   | Killed Grum
 11298 | Lair:1   | Reached ***** piety under the Shining One
 11303 | Lair:1   | Reached skill level 15 in Axes
 11668 | Lair:2   | Paralysed by a centaur for 7 turns
 11812 | Lair:2   | Reached XP level 12. HP: 79/107 MP: 12/12
 11963 | Lair:2   | Noticed a catoblepas
 12008 | Lair:2   | HP: 5/108 [13-headed hydra (3)]
 12010 | Lair:2   | HP: 2/108 [15-headed hydra (3)]
 12010 | Lair:2   | Slain by a 15-headed hydra

Illustrated notes

Levels and vault maps discovered:
D:1:      evilmike_arrival_plus, layout_loops_cross, minmay_pentomino_s2
D:2:      layout_rooms, wad_orctagon
D:3:      layout_loops_ring, chequers_ecumenical_altar_simple,
          trog_butcher_becter
D:4:      layout_basic, serial_shops, kennysheep_mini, uniq_duvessa
D:5:      layout_loops_ring, tso_oasis_becter, nicolae_tso_besieged_by_evil,
          uniq_pikel, uniq_menkaure
D:6:      layout_basic, minmay_temple_entry_tees, serial_shops,
          kennysheep_mini_moat, uniq_eustachio
D:7:      layout_basic, uniq_maggie
D:8:      minmay_flawed_box, layout_loops_ring, hangedman_misty_isle,
          uniq_maurice, uniq_joseph
D:9:      layout_gridville, basic_altar
D:10:     layout_gridville, minmay_lair_entry_grove, uniq_sonja
Lair:1:   layout_loops_ring, infiniplex_staircase_pool, uniq_grum
Lair:2:   layout_roguey, minmay_shoals_entry_centaurs,
          chequers_serial_rivers_small_3, grunt_megastairs_1,
          serial_bayou_shore_b

Skill      XL: |  1  2  3  4  5  6  7  8  9 10 11 |
---------------+----------------------------------+-----
Axes           | 3 4 6 7 9 10 12 13 15 | 15.4
Fighting       | 4 5 6 7 9 10 | 10.6
Armour         | 4 5 6 7 9 |  9.3
Shields        | 4 5 6 7 9 |  9.2
Dodging        | 1 2 3 |  3.0
Evocations     | 1 |  1.0
Stealth        | |  0.8

Action                   |  1- 3 |  4- 6 |  7- 9 | 10-12 || total
-------------------------+-------+-------+-------+-------++-------
Melee: War axe           |    97 |   109 |   326 |   456 ||   988
Evoke: Wand              |       |       |     6 |     6 ||    12
  Use: Scroll            |     4 |    12 |    11 |     4 ||    31
       Potion            |       |     1 |     4 |     5 ||    10
Armor: Scale mail        |    46 |    36 |    61 |       ||   143
       Plate armour      |       |       |    53 |   202 ||   255
Dodge: Dodged            |    35 |    29 |    65 |    78 ||   207
Block: Kite shield       |    43 |    33 |   131 |   215 ||   422

Table legend: (Time is in decaauts)
 A = Elapsed time spent in this place.
 B = Non-inter-level travel time spent in this place.
 C = Inter-level travel time spent in this place.
 D = Time resting spent in this place.
 E = Time spent auto-exploring this place.
 F = Levels seen in this place.
 G = Mean time per level.
                   A        B        C        D        E       F      G
               +--------+--------+--------+--------+--------+-----+--------+
         Total |  12060 |  11206 |    854 |      0 |   7321 |  12 | 1005.0 |
       Dungeon |  10410 |   9585 |    825 |      0 |   6176 |  10 | 1041.0 |
          Lair |   1650 |   1621 |     29 |      0 |   1145 |   2 |  825.0 |
               +--------+--------+--------+--------+--------+-----+--------+

Top non-repeatable levels by time:
     D:6: 1453 daAuts
     D:4: 1421 daAuts
     D:7: 1419 daAuts
     D:5: 1311 daAuts
     D:8: 1095 daAuts
  Lair:1: 1043 daAuts
     D:1: 938 daAuts
     D:9: 824 daAuts
     D:2: 812 daAuts
     D:3: 701 daAuts
  Lair:2: 606 daAuts
    D:10: 431 daAuts
